 Dungeon Crawl Stone Soup version 0.30-b1-2-g02819fbbbe (webtiles) character file.

Game seed: 14900085517892470218

4 Alarkh the Sneak (level 1, -1/18 HPs)
             Began as a Demonspawn Delver on July 6, 2023.
             Slain by a gnoll
             ... wielding a +4 whip
              (4 damage)
             ... on level 4 of the Dungeon.
             The game lasted 00:00:54 (208 turns).

Alarkh the Sneak (Demonspawn Delver)                 Turns: 208, Time: 00:00:55

Health: -1/18      AC:  4    Str: 12    XL:     1   Next: 50%
Magic:  1/1        EV: 11    Int: 11    God:
Gold:   42         SH:  0    Dex: 14    Spells: 0/0 levels left

rFire   . .          .
                       - Unarmed
rCold   . . .        (no shield)
rNeg    . . .        a - +1 leather armour
rPois   .            (no helmet)
rElec   .            (no cloak)
rCorr   .            (no gloves)
SInv    .            (no boots)
Will    .....        (no amulet)
Stlth   ++           (no ring)
HPRegen 0.23/turn    (no ring)
MPRegen 0.07/turn

%: no passive effects
@: no status effects
A: no striking features
a: no special abilities


You were on level 4 of the Dungeon.
You visited 1 branch of the dungeon, and saw 2 of its levels.

You collected 42 gold pieces.

Inventory:

Armour
 a - a +1 leather armour (worn)
Wands
 f - a wand of digging (3)
Scrolls
 b - a scroll of fog
 c - a scroll of magic mapping
 d - 2 scrolls of enchant armour
 g - a scroll of vulnerability {unknown}
Potions
 e - a potion of haste


   Skills:
 - Level 3.0 Fighting
 - Level 1.7 Dodging
 - Level 4.5 Stealth
 + Level 2.1 Unarmed Combat


You couldn't memorise any spells.
You didn't know any spells.
Your spell library was empty.

Dungeon Overview and Level Annotations

Branches:
Dungeon (5/15)
 Temple: D:4-7

Altars:
Cheibriados

Annotations:
D:4 Blork the orc


Message History

You miss the jackal.
The jackal bites you but does no damage.
You hit the jackal. You punch the jackal, but do no damage.
The jackal is heavily wounded.
The jackal closely misses you.
You hit the jackal.
The jackal is almost dead.
The jackal bites you but does no damage.
The jackal closely misses you.
You hit the jackal.
You kill the jackal!
You see here a jackal corpse.
A hound comes into view.
You see here a jackal corpse.
There is a stone staircase leading up here.
Okay, then.
Okay, then.
You climb upwards.
Level annotation: Blork the orc The gnoll shouts!
There is a stone staircase leading down here.
Found a snail-covered altar of Cheibriados.
You see here 11 gold pieces.
Found a dagger.
A gnoll comes into view.
It is wielding a +0 whip and quivering poisoned darts.
A gnoll comes into view. It is wielding a +0 halberd.
The gnoll shouts! x3
You see here a scroll labelled IGAGUU YDADIUL.
g - a scroll labelled IGAGUU YDADIUL The gnoll closely misses you.
The gnoll attacks as you move away! The gnoll hits you with a +0 whip.
The gnoll closely misses you. The gnoll attacks as you move away!
The gnoll hits you with a +0 whip. The gnoll hits you with a +4 whip!
Ouch! That really hurt!
The gnoll attacks as you move away! The gnoll hits you with a +4 whip.
* * * LOW HITPOINT WARNING * * *
The gnoll throws a poisoned dart.
The poisoned dart barely misses you. The gnoll attacks as you move away!
The gnoll hits you with a +4 whip.
You die...

##.... ...... #....
##....# .......
#......########
#.............# #.@# #
##g#####...
#######.g......# #
####...g.gg......##
..#####....####.........#
........#### #..........
......g.# #####..........
..###.#..................
#.#########..>.......


You could see 4 gnolls.

Vanquished Creatures
  3 jackals (D:5)
3 creatures vanquished.

Notes
Turn   | Place    | Note
-------+----------+-------------------------------------------
     0 | D:5      | Alarkh the Demonspawn Delver began the quest for the Orb.
     0 | D:5      | Reached XP level 1. HP: 18/18 MP: 1/1
    52 | D:5      | Noticed an ogre
   106 | D:5      | Noticed a scorpion
   145 | D:5      | Noticed an orc wizard
   158 | D:4      | Noticed Blork the orc
   169 | D:5      | Noticed a hound
   178 | D:4      | Found a snail-covered altar of Cheibriados.
   208 | D:4      | Slain by a gnoll

Illustrated notes

Levels and vault maps discovered:
D:4:      layout_rooms, nicolae_overflow_hidden_temple, lemuel_doored_altar,
          uniq_eustachio, uniq_blork_the_orc
D:5:      layout_basic, nicolae_wu_jian_immortal_techniques, temple_pool_b

Skill      XL: |  1 |
---------------+----+-----
Unarmed Combat | 2 |  2.1
Fighting       | |  3.0
Dodging        | |  1.7
Stealth        | |  4.5

Action                     || total
---------------------------++-------
  Melee: Unarmed           ||    17
         Punch             ||     1
    Use: Scroll            ||     2
 Armour: Leather armour    ||     4
  Dodge: Dodged            ||    12
